AoeStats
← Mansa ChapinaKi

Nomad

505353850Analyzed
2v2 RM · 23d ago on Sep 9, 2026· 33m 57s· 4 players
Game mode
Random Map
Map size
176×176
Population
200
Speed
Normal
Resources
Standard
Victory
Conquest
Starting age
Dark Age
Ending age
Imperial Age
RankedLock teamsTeams togetherTeam positionsShared explorationLock speedFull tech treeHidden civsTurbo modeCheats
Victory
Defeat
🇨🇦 Persians · Canada
1179
+14
🇨🇦 Japanese · Canada
1179
+14
🇧🇷 Koreans · Brazil
1161
-14
🇦🇷 Berbers · Argentina
1131
-14
CaOk_Emerson
4:40 Loom
13:44 Feudal Age
14:17 Double-Bit Axe
16:57 Gold Mining
22:25 Castle Age
Mansa ChapinaKi
11:06 Loom
13:16 Feudal Age
13:58 Double-Bit Axe
18:25 Horse Collar
21:58 Wheelbarrow
21:14 Town Watch
23:37 Castle Age
22:57 Scale Barding Armor
23:03 Forging
23:24 Bloodlines
23:41 Gold Mining
25:22 Husbandry
25:43 Chain Barding Armor
26:00 Iron Casting
BigDog 420 Xo
14:07 Feudal Age
12:23 Loom
14:35 Double-Bit Axe
15:32 Gold Mining
20:16 Castle Age
18:52 Wheelbarrow
21:07 Stone Mining
21:37 Medium Warships
21:16 Pikeman
24:26 Stone Shaft Mining
25:35 Horse Collar
28:16 Scale Barding Armor
28:25 Heavy Plow
30:08 Gold Shaft Mining
30:02 Kamandaran
30:15 Crossbowman
31:35 Thumb Ring
31:24 Fletching
32:30 Bow Saw
32:19 Bodkin Arrow
32:24 Padded Archer Armor
34:40 Ballistics
42afurnace
5:25 Loom
13:23 Feudal Age
20:07 Castle Age
19:54 Town Watch
30:04 Pikeman
31:43 Squires
34:13 Scale Mail Armor
Connection lost

Rejoining the realm…

Still unreachable

The connection could not be restored.

Session expired

The server has moved on; the page needs a fresh start.